 Dungeon Crawl Stone Soup version 0.18.1-6-gd335043 (webtiles) character file.

6192 zeroDi the Slicer (level 10, -3/46 HPs)
             Began as a Vine Stalker Assassin on May 19, 2016.
             Was a Priest of Okawaru.
             Killed from afar by Erica (22 damage)
             ... with an orb of energy
             ... on level 10 of the Dungeon.
             The game lasted 00:47:51 (8637 turns).

zeroDi the Slicer (Vine Stalker Assassin)           Turns: 8637, Time: 00:47:51

Health: -3/46      AC: 10    Str: 22    XL:     10   Next: 91%
Magic:  0/11       EV: 12    Int: 11    God:    Okawaru [***...]
Gold:   689        SH:  4    Dex: 18    Spells: 0 memorised, 9 levels left

rFire  + . .     SeeInvis .     a - +3 dagger (venom)
rCold  . . .     Gourm    .     y - +2 leather armour {rF+}
rNeg   . . .     Faith    .     m - +0 buckler
rPois  .         Spirit   +     W - +0 helmet
rElec  .         Dismiss  .     d - +0 cloak
rCorr  .         Reflect  .     t - +2 pair of gloves {Str+3}
SustAt .         Harm     .     (no boots)
MR     +....                    C - amulet of guardian spirit
Stlth  ++++......               (no ring)
                                Y - +4 ring of strength

@: lethally poisoned (-3 -> -4), somewhat resistant to hostile enchantments,
stealthy
A: fangs 3, regeneration 2, magic shield, antimagic bite, no device heal 3, rot
immunity
a: Heroism, Renounce Religion


You were on level 10 of the Dungeon.
You worshipped Okawaru.
Okawaru was most pleased with you.
You were not hungry.

You visited 3 branches of the dungeon, and saw 12 of its levels.

You collected 689 gold pieces.


Innate Abilities, Weirdness & Mutations

You have razor-sharp teeth.
You heal very quickly.
When hurt, damage is shared between your health and your magic reserves.
Your bite disrupts and absorbs the magic of your enemies.
Potions and wands cannot restore your health.
You are immune to rotting.


   Skills:
 - Level 1.7 Fighting
 - Level 11.1 Short Blades
 + Level 7.1 Throwing
 * Level 2.9 Dodging
 - Level 10.0 Stealth


You had 9 spell levels left.
You didn't know any spells.

Inventory:

Hand Weapons
 a - a +3 dagger of venom (weapon)
 b - a +0 blowgun
 n - a +2 dagger
 q - a +0 dagger of draining
Missiles
 e - 26 poisoned needles
 f - a curare-tipped needle {=f}
 B - 4 needles of sleeping
 E - 3 steel tomahawks (quivered)
Armour
 d - a +0 cloak (worn)
 m - a +0 buckler (worn)
 t - a +2 pair of gloves of strength (worn)
 y - a +2 leather armour of fire resistance (worn)
 W - a +0 helmet (worn)
Jewellery
 c - an uncursed ring of protection from magic {unknown}
 C - an amulet of guardian spirit (around neck)
 F - an uncursed ring of fire
 Y - a +4 ring of strength (left hand)
Wands
 r - a wand of digging (12/24)
 z - a wand of digging (1/24)
 A - a wand of random effects (22/48)
 G - a wand of random effects (26/48)
 H - a wand of flame (37/48)
 I - a wand of slowing (33/48)
 N - a wand of disintegration (7/24)
Scrolls
 i - a scroll of remove curse
 l - a scroll of enchant weapon
 v - 2 scrolls of enchant armour
 D - 2 scrolls of fear
 O - 2 scrolls of teleportation {@r4}
Potions
 h - 3 potions of degeneration {unknown}
 o - 3 potions of berserk rage {unknown}
 p - a potion of flight {unknown}
 w - 8 potions of curing {@q1}
 L - a potion of lignification {unknown}
 P - a potion of cancellation {unknown}
 U - a potion of brilliance {unknown}
Books
 x - a book of the Earth

   Spells                             Type                      Level
   a - Leda's Liquefaction            Hexes/Earth                  4
   b - Bolt of Magma                  Conjuration/Fire/Earth       5
   c - Statue Form                    Transmutation/Earth          6
   d - Iron Shot                      Conjuration/Earth            6
   e - Shatter                        Earth                        9
 M - a book of Summonings

   Spells                             Type                      Level
   a - Recall                         Summoning/Translocation      3
   b - Aura of Abjuration             Summoning                    5
   c - Summon Demon                   Summoning                    5
   d - Summon Forest                  Summoning/Translocation      5
   e - Summon Mana Viper              Hexes/Summoning              5
   f - Shadow Creatures               Summoning                    6
 Q - a book of Changes

   Spells                             Type                      Level
   a - Beastly Appendage              Transmutation                1
   b - Sticks to Snakes               Transmutation                2
   c - Spider Form                    Transmutation/Poison         3
   d - Ice Form                       Ice/Transmutation            4
   e - Blade Hands                    Transmutation                5
 R - a Grand Grimoire

   Spells                             Type                      Level
   a - Monstrous Menagerie            Summoning                    7
   b - Summon Greater Demon           Summoning                    7
   c - Malign Gateway                 Summoning/Translocation      7
   d - Summon Horrible Things         Summoning                    8
Miscellaneous
 V - a fan of gales (inert)
Comestibles
 g - 7 bread rations
 k - 2 beef jerkies
 s - 3 meat rations
 u - 3 fruits
 S - a slice of pizza

Dungeon Overview and Level Annotations

Branches:
Dungeon (10/15)            Temple (1/1) D:6            Lair (0/8) D:10
    Orc (1/2) D:9

Altars:
Ashenzari
Cheibriados
Dithmenos
Elyvilon
Fedhas
Gozag
Kikubaaqudgha
Makhleb
Nemelex Xobeh
Okawaru
Pakellas
Qazlal
Ru
Sif Muna
Trog
Vehumet
Xom
Yredelemnul
Zin
The Shining One

Shops:
D:5 }

Portals:
Ice
Cave: Orc:1

Annotations:
D:2 Sigmund
D:4 !phantom
D:7 ThereIsNoGod's ghost, novice OpAs
D:9 !hungry-ghost
D:10 Erica

......... .............$..?...
.######## ########............
.####################..{.........
.........................o.......
.................................
.############.............#######
.# #.###########.#
.############.###########.#######
........>.......@.........)......
#####################.o..........
# #............ # #............
#####################............
.......................).........
......%..........................
#################################
#


You could see an orc.


Message History

Aim: Erica, wielding a scimitar of flaming and wearing a robe You shoot a poisoned needle.
The poisoned needle hits Erica.
Erica is poisoned.
Erica gestures wildly while chanting.
Erica flickers and vanishes!
Something tries to affect you, but you resist.
Char dumped successfully.
Char dumped successfully.
Your +3 dagger of venom begins to drip with poison!
a - a +3 dagger of venom (weapon)
An orb of energy appears from out of thin air!
The orb of energy hits you!
You hear some strange, mumbled words.
A bolt of poison appears from out of thin air!
The bolt of poison hits you!
You are poisoned.
* * * LOW HITPOINT WARNING * * *
You feel sick.
An orb of energy appears from out of thin air!
The orb of energy hits you!
You die...

Action                   |  1- 3 |  4- 6 |  7- 9 | 10-12 || total
-------------------------+-------+-------+-------+-------++-------
Melee: Dagger            |    57 |    95 |   357 |   132 ||   641
       Bite              |    11 |    36 |   119 |    52 ||   218
 Fire: Blowgun           |     7 |    39 |    78 |    28 ||   152
Throw: Tomahawk          |       |     7 |     1 |       ||     8
Evoke: Wand              |       |       |     4 |     2 ||     6
       Fan of gales      |       |       |       |     1 ||     1
  Use: Scroll            |       |     9 |     6 |    10 ||    25
       Potion            |       |       |     2 |       ||     2
 Stab: Sleeping          |     7 |     3 |    24 |     4 ||    38
       Distracted        |       |       |     2 |     3 ||     5
  Eat: Chunk             |     1 |     5 |    10 |     1 ||    17
       Bread ration      |       |       |     1 |       ||     1
       Pizza             |       |       |       |     3 ||     3
Armor: Robe              |    11 |     8 |       |       ||    19
       Leather armour    |       |    17 |    72 |    25 ||   114
Dodge: Dodged            |    20 |    36 |    87 |    41 ||   184
Block: Buckler           |       |       |    31 |    12 ||    43

Vault maps used:
D:1:      dpeg_arrival_rhombus
D:2:      johnstein_pakellas_dig, nicolae_overflow_crystal_walls, uniq_sigmund,
          uniq_terence
D:3:      lemuel_doored_altar, old_standard_altar
D:4:      portal_sewer_entry_e, uniq_natasha, uniq_edmund
D:5:      nicolae_ru_sacrificial_ziggurat, first_bread, serial_shops, shop,
          uniq_eustachio
D:6:      kennysheep_slug_shrine, minmay_temple_entry_nine_rooms, uniq_grinder
D:7:      lemuel_round_altar, the_bakery, uniq_menkaure
D:8:      tgw_sif, minmay_item_behind_shaft
D:9:      orc_0_dummy, uniq_prince_ribbit1, uniq_grum
D:10:     david_lair_shrubbed, uniq_erica
Temple:   circular_temple_12
Orc:1:    portal_ice_cave_entry_pillars_02, serial_shops,
          nicolae_shop_statue_plus

Notes
Turn   | Place    | Note
--------------------------------------------------------------
     0 | D:1      | zeroDi the Vine Stalker Assassin began the quest for the Orb.
     0 | D:1      | Reached XP level 1. HP: 11/11 MP: 2/2
    83 | D:1      | Reached skill level 2 in Short Blades
   258 | D:1      | Reached XP level 2. HP: 4/15 MP: 1/3
  1052 | D:2      | Found a stormy altar of Qazlal.
  1088 | D:2      | Reached skill level 3 in Short Blades
  1122 | D:2      | Reached XP level 3. HP: 18/18 MP: 4/4
  1262 | D:2      | Noticed Terence
  1266 | D:2      | Killed Terence
  1266 | D:2      | Reached skill level 4 in Short Blades
  1266 | D:2      | Reached XP level 4. HP: 23/23 MP: 5/5
  1313 | D:2      | Noticed Sigmund
  1362 | D:2      | Found an oddly glowing altar of Pakellas.
  1647 | D:3      | Found a glowing silver altar of Zin.
  1671 | D:3      | Reached XP level 5. HP: 23/26 MP: 6/6
  1702 | D:3      | Found a burning altar of Makhleb.
  1998 | D:3      | Reached skill level 5 in Short Blades
  2272 | D:4      | Noticed Natasha
  2276 | D:4      | Noticed a phantom
  2285 | D:5      | Entered Level 5 of the Dungeon
  2293 | D:5      | Gained mutation: You heal very quickly. [Vine Stalker growth]
  2293 | D:5      | Reached XP level 6. HP: 23/30 MP: 3/7
  2324 | D:5      | Found Zuw Coz's Gadget Shoppe.
  2345 | D:5      | Noticed Eustachio
  2379 | D:5      | Found a sacrificial altar of Ru.
  2551 | D:5      | Reached skill level 6 in Short Blades
  2627 | D:5      | Reached skill level 5 in Stealth
  2745 | D:5      | Reached skill level 6 in Stealth
  2745 | D:5      | Reached XP level 7. HP: 7/34 MP: 4/8
  2802 | D:5      | Identified a potion of resistance
  2911 | D:5      | Reached skill level 7 in Stealth
  3124 | D:5      | Killed Eustachio
  3124 | D:5      | Reached skill level 8 in Stealth
  3522 | D:4      | Reached skill level 9 in Stealth
  3615 | D:4      | Gained mutation: You have razor-sharp teeth. [Vine Stalker growth]
  3615 | D:4      | Reached XP level 8. HP: 38/38 MP: 9/9
  3799 | D:4      | Killed Natasha
  3799 | D:4      | Reached skill level 10 in Stealth
  3835 | D:4      | Noticed Edmund
  3858 | D:4      | Killed Edmund
  3858 | D:4      | Reached skill level 2 in Throwing
  3913 | D:4      | Noticed Natasha
  3920 | D:4      | Killed Natasha
  4095 | D:6      | Found a snail-covered altar of Cheibriados.
  4342 | D:7      | Noticed Menkaure
  4346 | D:7      | Killed Menkaure
  4346 | D:7      | Reached skill level 7 in Short Blades
  4355 | D:7      | Reached skill level 3 in Throwing
  4502 | D:7      | Noticed ThereIsNoGod's ghost (novice OpAs)
  4708 | D:7      | Found an ancient bone altar of Kikubaaqudgha.
  4792 | D:7      | Noticed a spriggan baker
  4794 | D:7      | Killed a spriggan baker
  4794 | D:7      | Reached XP level 9. HP: 42/42 MP: 10/10
  4909 | D:6      | Noticed Grinder
  4911 | D:6      | Paralysed by Grinder for 4 turns
  4933 | D:6      | Killed Grinder
  4933 | D:6      | Reached skill level 8 in Short Blades
  5019 | D:6      | Reached skill level 4 in Throwing
  5469 | D:6      | Found a staircase to the Ecumenical Temple.
  5477 | Temple   | Entered the Ecumenical Temple
  5565 | Temple   | Became a worshipper of Warmaster Okawaru
  5968 | D:8      | Reached skill level 9 in Short Blades
  6100 | D:8      | Reached skill level 5 in Throwing
  6234 | D:8      | Reached * piety under Okawaru
  6737 | D:8      | Found a deep blue altar of Sif Muna.
  6839 | D:9      | Noticed Prince Ribbit
  6958 | D:8      | Killed Prince Ribbit
  6958 | D:8      | Reached XP level 10. HP: 34/46 MP: 11/11
  7187 | D:9      | Reached skill level 10 in Short Blades
  7261 | D:9      | Reached skill level 6 in Throwing
  7290 | D:9      | Reached ** piety under Okawaru
  7665 | D:9      | Found a staircase to the Orcish Mines.
  7718 | D:9      | Noticed Grum
  7790 | D:9      | Killed Grum
  8015 | D:10     | Entered Level 10 of the Dungeon
  8034 | D:10     | Noticed a wizard
  8100 | D:10     | Noticed Erica
  8142 | D:9      | Killed a wizard
  8142 | D:9      | Reached skill level 11 in Short Blades
  8265 | Orc:1    | Entered Level 1 of the Orcish Mines
  8266 | Orc:1    | Found a frozen archway.
  8324 | D:10     | Reached skill level 1 in Dodging
  8367 | D:10     | Found a staircase to the Lair.
  8440 | D:10     | Noticed a hill giant
  8463 | D:10     | Reached skill level 2 in Dodging
  8505 | D:10     | Killed a hill giant
  8505 | D:10     | Reached *** piety under Okawaru
  8505 | D:10     | Reached skill level 7 in Throwing
  8637 | D:10     | Killed from afar by Erica

Vanquished Creatures
  A hill giant (D:10)
  A wizard (D:9)
  A komodo dragon (D:10)
  Grinder (D:6)
  Prince Ribbit (D:8)
  A spriggan (D:7)
  Eustachio (D:5)
  6 yaks (D:9)
  Grum (D:9)
  A hippogriff (D:8)
  Menkaure (D:7)
  Edmund (D:4)
  A black bear (D:10)
  3 orc warriors
  An ice beast (D:8)
  2 ogres
  2 phantoms
  4 wolves (D:9)
  3 centaurs
  A gnoll sergeant (D:5)
  A scorpion (D:6)
  2 howler monkeys
  2 crimson imps
  2 giant frog zombies
  6 hounds
  3 jellies
  3 orc priests
  A giant frog skeleton (D:9)
  3 iguanas
  Terence (D:2)
  Natasha (twice) (D:4)
  8 orc wizards
  7 worker ants
  A hound skeleton (D:9)
  10 gnolls
  9 adders
  2 river rats (D:4)
  3 shadow imps
  4 adder zombies
  An adder skeleton (D:6)
  4 worms
  2 dart slugs
  4 giant geckos
  28 orcs
  5 bats
  8 giant cockroaches
  3 hobgoblins
  5 jackals
  4 kobolds
  2 quokkas
  A ball python (D:4)
  2 giant newts
  5 goblins
  A jackal skeleton (D:5)
  11 rats
190 creatures vanquished.

Vanquished Creatures (others)
  2 plants (D:10)
2 creatures vanquished.

Grand Total: 192 creatures vanquished
